 Dungeon Crawl Stone Soup version 0.20.1-1-g8b1a95d (webtiles) character file.

322 wojtek the Skirmisher (level 6, 0/57 HPs)
             Began as a Minotaur Fighter on Dec 24, 2017.
             Succumbed to a gnoll's poison
             ... on level 2 of the Dungeon.
             The game lasted 00:02:54 (2004 turns).

wojtek the Skirmisher (Minotaur Fighter)            Turns: 2004, Time: 00:02:54

Health: 0/57       AC:  6    Str: 22    XL:     6   Next: 22%
Magic:  5/5        EV:  7    Int:  5    God:
Gold:   132        SH:  9    Dex: 10    Spells: 5/5 levels left

rFire    . . .     SeeInvis .   a - +0 war axe
rCold    . . .     Gourm    .   c - +0 shield
rNeg     . . .     Faith    .   b - +0 scale mail
rPois    .         Spirit   .   (helmet restricted)
rElec    .         Reflect  .   (no cloak)
rCorr    .         Harm     .   (no gloves)
MR       .....                  (no boots)
Stlth    ..........             (no amulet)
Regen    0.2/turn               (no ring)
MPRegen  0.1/turn               (no ring)

@: lethally poisoned (0 -> -20), flying, very slightly contaminated, invisible
A: retaliatory headbutt, horns 2
a: no special abilities


You were on level 2 of the Dungeon.
You were hungry.

You visited 1 branch of the dungeon, and saw 3 of its levels.

You collected 132 gold pieces.

Inventory:

Hand Weapons
 a - a +0 war axe (weapon)
 m - a +0 dagger of pain
Armour
 b - a +0 scale mail (worn)
 c - a +0 shield (worn)
 o - a +0 leather armour of fire resistance
 r - a +1 ring mail of positive energy
Jewellery
 j - an uncursed ring of fire {unknown}
Scrolls
 h - 2 scrolls of fog {unknown}
 i - 6 scrolls of identify {unknown}
 k - 3 scrolls of teleportation {unknown}
 l - 5 scrolls of remove curse {unknown}
 q - a scroll of random uselessness {unknown}
 s - a scroll of recharging {unknown}
Potions
 d - a potion of might
Comestibles
 f - 2 bread rations
 n - a fruit
 p - 2 royal jellies


   Skills:
 + Level 6.2 Fighting
 + Level 6.1 Axes
 - Level 3.6 Armour
 - Level 3.6 Shields


You had 5 spell levels left.
You didn't know any spells.

Dungeon Overview and Level Annotations

Branches:
Dungeon (3/15)

Altars:
Fedhas
Gozag

Annotations:
D:2 todo


Innate Abilities, Weirdness & Mutations

You reflexively headbutt those who attack you in melee.
You have a pair of horns on your head.


Message History

Level annotation: todo
* * * LOW HITPOINT WARNING * * *
You feel very sick.
There is a lethal amount of poison in your body!
Unknown command.
It was a potion of invisibility.
You fade into invisibility!
* * * LOW HITPOINT WARNING * * *
You feel very sick.
You are very lightly contaminated with residual magic.
It was a potion of flight.
You feel very buoyant.
You fly up into the air.
* * * LOW HITPOINT WARNING * * *
You feel sick.
* * * LOW HITPOINT WARNING * * *
You feel sick.
* * * LOW HITPOINT WARNING * * *
You feel sick.
You die...

.......### #......# ##.##.......
#..##....# #..##.#####..##.......
.......#.###..##.###...###.......
####...........#.......# #.......
####.####.........[....##########
...#.# #................# .....#
#................#
.....###................#
...............<@.......#
........................#
#....###................#
#######................##
#######........##.....##
.....##.......#########
####..........# ####.......#
#.......#


There were no monsters in sight!

Vanquished Creatures
  A centaur (D:3)
  The ghost of OnekoMk1 the Magician, an amateur DEAE (D:3)
  A scorpion (D:3)
  A gnoll (D:3)
  3 adders (D:2)
  3 oozes
  2 worms (D:2)
  3 dart slugs
  A leopard gecko (D:3)
  6 orcs (D:3)
  6 bats
  2 giant cockroaches
  7 goblins
  4 hobgoblins
  A jackal (D:2)
  2 quokkas
  2 ball pythons
  4 frilled lizards (D:3)
  10 kobolds
  5 rats
65 creatures vanquished.

Notes
Turn   | Place    | Note
-------+----------+-------------------------------------------
     0 | D:1      | wojtek the Minotaur Fighter began the quest for the Orb.
     0 | D:1      | Reached XP level 1. HP: 19/19 MP: 0/0
    97 | D:1      | Reached XP level 2. HP: 27/27 MP: 1/1
   764 | D:2      | Reached XP level 3. HP: 33/33 MP: 2/2
  1256 | D:2      | Reached XP level 4. HP: 41/41 MP: 3/3
  1261 | D:2      | Found an opulent altar of Gozag.
  1261 | D:2      | Found a blossoming altar of Fedhas.
  1624 | D:3      | Reached skill level 5 in Fighting
  1685 | D:3      | Reached skill level 5 in Axes
  1685 | D:3      | Reached XP level 5. HP: 33/48 MP: 4/4
  1814 | D:3      | Noticed OnekoMk1's ghost (amateur DEAE)
  1829 | D:3      | Killed OnekoMk1's ghost
  1986 | D:3      | Noticed a centaur
  1990 | D:3      | Killed a centaur
  1990 | D:3      | Reached XP level 6. HP: 48/57 MP: 5/5
  2003 | D:2      | HP: 1/57 [poisoned by a gnoll]
  2004 | D:2      | Succumbed to a gnoll's poison

Skill      XL: |  1  2  3  4  5 |
---------------+----------------+-----
Axes           | 3 4 5 6 |  6.1
Fighting       | 4 5 6 |  6.2
Armour         | |  3.6
Shields        | |  3.6

Action                   |  1- 3 |  4- 6 || total
-------------------------+-------+-------++-------
Melee: War axe           |    93 |    69 ||   162
       Headbutt          |    12 |    11 ||    23
  Use: Potion            |       |     2 ||     2
  Eat: Chunk             |     1 |     2 ||     3
Armor: Scale mail        |    53 |    23 ||    76
Dodge: Dodged            |    30 |    14 ||    44
Block: Shield            |    53 |    47 ||   100
